Map: 星軌船廠

Players

瞬间全倒 - Winner!

  • Race: Protoss Protoss
  • League: Grandmaster

lung

  • Race: Zerg Zerg
  • League: Master

VOD

Have the link to the VOD?

Description

Time

  • Played on: Jan. 19, 2016, 8:10 a.m.
  • Length: 9:32
Show
View Real Time Build Order
Export as new Build Order

瞬间全倒 Protoss - Winner!

Build Orders: Oracle Opening 

Get SALT Encoding   

  12  0:01  Probe (Chrono Boost)  
  13  0:13  Pylon  
  13  0:18  Probe (Chrono Boost)  
  14  0:28  Probe (Chrono Boost)  
  14  0:34  Gateway  
  15  0:39  Probe (Chrono Boost)  
  16  0:43  Assimilator  
  17  0:50  Probe (Chrono Boost)  
  17  0:52  Assimilator  
  17  1:00  Probe (Chrono Boost)  
  18  1:04  Pylon  
  18  1:11  Probe (Chrono Boost)  
  19  1:21  Probe (Chrono Boost)  
  19  1:22  Cybernetics Core  
  20  1:32  Probe (Chrono Boost)  
  21  1:39  Zealot  
  23  1:42  Probe (Chrono Boost)  
  24  1:53  Probe (Chrono Boost)  
  25  1:58  Stargate  
  25  2:08  Mothership Core (Chrono Boost)  
  27  2:25  Zealot  
  27  2:35  Forge  
  27  2:40  Probe (Chrono Boost)  
  27  2:42  Oracle (Chrono Boost)  
  31  2:59  Nexus  
  31  3:06  Pylon  
  31  3:15  Pylon  
  31  3:24  Probe, Oracle (Chrono Boost)  
  35  3:36  Probe  
  36  3:48  Probe  
  40  3:55  Oracle (Chrono Boost)  
  40  3:57  Warp Gate  
  40  4:00  Probe, Assimilator  
  40  4:02  Pylon  
  41  4:11  Assimilator  
  41  4:13  Probe  
  42  4:21  Probe  
  43  4:25  Probe  
  44  4:32  Probe  
  44  4:34  Oracle (Chrono Boost)  
  44  4:37  Probe  
  46  4:41  Stargate  
  46  4:42  Probe  
  47  4:49  Probe, Pylon  
  48  4:53  Stargate  
  48  4:54  Probe  
  49  5:10  Oracle (Chrono Boost)  
  49  5:11  Probe  
  53  5:14  Probe  
  54  5:21  Gateway  
  54  5:23  Probe  
  54  5:25  Probe  
  56  5:41  Probe  
  56  5:42  Oracle x2 (Chrono Boost)  
  63  5:43  Probe  
  63  5:46  Gateway  
  63  5:49  Pylon  
  64  5:53  Probe  
  64  5:55  Oracle (Chrono Boost)  
  68  5:57  Probe  
  69  6:04  Photon Cannon  
  69  6:06  Probe  
  70  6:25  Oracle (Chrono Boost)  
  76  6:28  Oracle (Chrono Boost)  
  76  6:31  Gateway x2  
  76  6:35  Probe  
  76  6:37  Oracle (Chrono Boost)  
  76  6:39  Pylon  
  80  6:40  Probe  
  75  7:10  Oracle x2 (Chrono Boost)  
  78  7:21  Oracle (Chrono Boost)  
  81  7:39  Stalker x3  
  81  7:42  Probe  
  88  7:46  Photon Cannon  
  88  7:48  Photon Cannon  
  88  7:49  Photon Cannon  
  88  8:00  Zealot x2  
  88  8:04  Pylon x2  
  92  8:16  Pylon  
  92  8:17  Pylon  
  92  8:19  Pylon  
  92  8:21  Pylon  
  92  8:22  Oracle (Chrono Boost)  
  92  8:26  Pylon  
  99  8:27  Oracle (Chrono Boost)  
  99  8:31  Oracle (Chrono Boost)  
  99  8:37  Stalker x2  
  99  8:39  Adept x2  
  107  8:41  Adept  
  109  9:00  Gateway x2  
  112  9:03  Stalker x2  
  112  9:04  Stalker x2  
Show
View Real Time Build Order
Export as new Build Order

lung Zerg 

Build Orders: Pool First 

Get SALT Encoding   

  12  0:01  Drone  
  13  0:09  Drone  
  14  0:24  Spawning Pool  
  13  0:29  Drone  
  14  0:37  Overlord  
  14  0:44  Extractor  
  14  0:45  Drone  
  15  0:56  Drone  
  17  1:11  Zergling x4  
  17  1:12  Zergling x2  
  17  1:18  Hatchery  
  18  1:23  Zergling x2  
  19  1:35  Zergling x2  
  20  1:47  Hatchery  
  19  1:55  Queen  
  19  1:59  Drone  
  22  2:07  Overlord  
  21  2:29  Drone x3  
  24  2:41  Drone x3  
  26  2:51  Drone  
  26  2:55  Drone  
  26  2:58  Queen  
  27  2:59  Queen  
  29  3:09  Queen  
  29  3:12  Drone x4  
  35  3:20  Overlord  
  35  3:23  Drone x2  
  37  3:29  Drone  
  37  3:30  Drone x3  
  37  3:34  Extractor  
  40  3:41  Drone x3  
  39  3:53  Queen  
  39  3:54  Overlord  
  41  3:57  Drone  
  41  3:58  Drone x4  
  46  4:04  Extractor  
  45  4:12  Spore Crawler  
  45  4:15  Spore Crawler  
  45  4:16  Drone  
  49  4:17  Drone x5  
  48  4:24  Drone x3  
  48  4:25  Overlord  
  49  4:33  Drone x4  
  53  4:45  Metabolic Boost  
  53  4:47  Drone  
  53  4:49  Drone  
  53  4:50  Drone x2  
  57  4:55  Roach Warren  
  57  4:56  Drone  
  57  4:57  Evolution Chamber, Drone, Extractor  
  57  4:58  Drone x3, Extractor  
  55  5:10  Drone x3  
  55  5:12  Overlord  
  55  5:13  Overlord  
  58  5:18  Drone x5  
  63  5:24  Zerg Missile Weapons Level 1  
  61  5:36  Drone x4  
  61  5:40  Zergling x6  
  61  5:41  Lair  
  68  5:45  Drone x2  
  68  5:47  Drone  
  68  5:48  Drone x3  
  74  6:05  Spore Crawler  
  74  6:08  Drone x5, Spore Crawler  
  74  6:09  Spore Crawler  
  76  6:15  Drone x2  
  76  6:16  Drone  
  77  6:35  Drone x2, Extractor x2  
  77  6:36  Hatchery  
  77  6:39  Drone x5  
  81  6:40  Drone  
  82  6:55  Evolution Chamber  
  82  6:57  Hydralisk Den  
  69  7:17  Queen x2  
  70  7:38  Hydralisk x6, Muscular Augments  
  82  7:46  Glial Reconstitution  
  82  7:49  Queen  
  82  8:06  Overlord x3  
  82  8:07  Overlord  
  82  8:08  Overlord  
  82  8:15  Hatchery  
  82  8:17  Queen  
  82  8:22  Hatchery  
  80  8:28  Hydralisk x13  
  106  8:40  Overlord x2  
  106  8:46  Hydralisk x3  
  112  8:48  Overlord x2  
  112  8:58  Overlord x2  
  112  9:06  Drone x2  
  114  9:14  Spore Crawler  
  113  9:17  Spore Crawler x2  
Tags
 
Add a new tag
Caveats
  • Supply blocks, unpowered buildings, or Contaminate may cause inaccurate times.
  • Supply counts are checked every 10 seconds.